Tampa Bay Lightning vs Anaheim Ducks
(R1)
Created - Wednesday, September 20, 2023 at 07:40
Goals
|
| Tampa Bay Lightning |
0 |
1 |
2 |
3 |
| Anaheim Ducks |
3 |
3 |
0 |
6 |
|
Shots
|
| Tampa Bay Lightning |
10 |
14 |
7 |
31 |
| Anaheim Ducks |
9 |
21 |
6 |
36 |
|
1st period
1. Anaheim Ducks , Mason Marchment 1 (Nazem Kadri 5, Chandler Stephenson 8) at 10:55
2. Anaheim Ducks , John Tavares 11 (William Nylander 20, Mark Scheifele 9) at 11:03
3. Anaheim Ducks , Mark Scheifele 11 (John Tavares 14) at 15:15
Penalties :
Moritz Seider (TBL) for Interference (Minor) at 1:03, Mason Marchment (ANA) for Hooking (Minor) at 5:43, Darnell Nurse (TBL) for Roughing (Minor) at 15:39
2nd period
4. Anaheim Ducks , William Nylander 11 (John Tavares 15, Esa Lindell 4) at 1:13
5. Anaheim Ducks , Esa Lindell 5 (William Nylander 21, John Tavares 16) at 1:26
6. Tampa Bay Lightning , Kirill Kaprizov 7 (Tomas Hertl 6, Travis Konecny 8) at 9:01
7. Anaheim Ducks , William Nylander 12 (John Tavares 17) at 15:15
Penalties :
Alexander Kerfoot (TBL) for Tripping (Minor) at 2:43, Joshua Morrissey (ANA) for Fighting (Major) at 10:01, Dylan Cozens (TBL) for Fighting (Major) at 10:01, Mark Scheifele (ANA) for Fighting (Major) at 15:56, Moritz Seider (TBL) for Fighting (Major) at 15:56, Brayden Schenn (ANA) for Cross-checking (Minor) at 17:10
3rd period
8. Tampa Bay Lightning , Johnny Gaudreau 7 (Tyler Toffoli 6, Anze Kopitar 11) at 0:10
9. Tampa Bay Lightning , Kirill Kaprizov 8 (Hampus Lindholm 5, Travis Konecny 9) at 1:22
Penalties :
Jakob Chychrun (ANA) for Tripping (Minor) at 2:40, Hampus Lindholm (TBL) for Tripping (Minor) at 6:32, John Tavares (ANA) for High sticking (Minor) at 10:14, Joshua Morrissey (ANA) for Hooking (Minor) at 14:41
Goalie Stats
Darcy Kuemper (TBL), 30 saves from 36 shots - (0.833), L, 2-1-2, 60:00 minutes
Linus Ullmark (ANA), 28 saves from 31 shots - (0.903), W, 12-6-2, 60:00 minutes
Players Stats for Tampa Bay Lightning
Player Name G A P +/- PIM S H SB GA TA FO MP PP MP PK MP
------------------------------------------------------------------------------------
Alexander Kerfoot 0 0 0 -1 2 2 1 1 0 0 0/1 12:31 0:00 2:51
Anze Kopitar 0 1 1 -2 0 1 0 1 1 1 11/17 16:16 0:09 4:03
Christian Dvorak 0 0 0 -1 0 2 1 0 1 0 4/7 12:50 0:00 3:29
Darnell Nurse 0 0 0 -2 2 0 2 0 1 2 0/0 25:03 4:36 2:58
Dylan Cozens 0 0 0 0 5 3 0 0 0 1 4/15 14:02 4:37 0:14
Gustav Nyquist 0 0 0 -1 0 0 3 0 1 0 0/0 13:11 0:00 3:50
Hampus Lindholm 0 1 1 -2 2 1 2 0 0 0 0/0 24:03 4:36 1:00
Ivan Barbashev 0 0 0 0 0 1 2 1 0 0 1/1 10:21 0:00 0:00
Johnny Gaudreau 1 0 1 -2 0 4 3 0 0 0 0/1 15:22 4:45 0:00
Kirill Kaprizov 2 0 2 0 0 5 1 0 1 0 0/2 16:26 5:09 0:17
Michael Matheson 0 0 0 -1 0 3 3 0 0 0 0/0 15:35 5:19 0:00
Moritz Seider 0 0 0 -1 7 2 2 0 0 2 0/0 20:23 4:29 3:19
Roope Hintz 0 0 0 0 0 2 1 0 2 0 0/1 15:11 5:07 0:00
Ryan Graves 0 0 0 0 0 1 1 0 0 0 0/0 18:31 0:00 4:49
Tomas Hertl 0 1 1 0 0 0 1 0 0 0 8/14 12:04 0:12 0:00
Travis Konecny 0 2 2 0 0 1 2 1 0 0 0/2 17:25 5:09 1:08
Tyler Toffoli 0 1 1 -2 0 3 2 0 0 0 0/0 15:14 4:37 0:00
Vladislav Gavrikov 0 0 0 0 0 0 2 0 0 3 0/0 17:30 0:50 3:46
Players Stats for Anaheim Ducks
Player Name G A P +/- PIM S H SB GA TA FO MP PP MP PK MP
------------------------------------------------------------------------------------
Alex Killorn 0 0 0 0 0 2 2 1 1 1 0/0 19:13 3:37 5:25
Brayden Schenn 0 0 0 -2 2 1 2 0 0 0 0/0 13:19 3:37 0:43
Brenden Dillon 0 0 0 -1 0 1 0 0 0 1 0/0 23:17 3:07 4:51
Calle Jarnkrok 0 0 0 0 0 0 2 0 0 0 0/1 9:05 0:03 0:00
Chandler Stephenson 0 1 1 0 0 2 3 1 0 1 6/13 18:46 3:37 5:22
Esa Lindell 1 1 2 1 0 2 0 1 0 2 0/0 25:41 3:07 4:51
Ivan Provorov 0 0 0 3 0 1 0 0 0 0 0/0 15:58 0:00 5:04
J.T. Compher 0 0 0 -1 0 1 1 0 1 2 2/5 11:50 0:03 3:50
Jakob Chychrun 0 0 0 -1 2 0 2 1 0 0 0/0 18:28 4:49 0:00
John Tavares 1 4 5 4 2 7 0 1 0 0 19/33 19:08 4:16 0:00
Josh Manson 0 0 0 3 0 1 0 1 0 0 0/0 16:26 0:00 4:58
Joshua Morrissey 0 0 0 1 7 0 1 2 0 0 0/0 20:39 4:49 0:06
Mark Scheifele 1 1 2 5 5 5 1 0 1 0 0/1 18:01 4:12 0:00
Mason Marchment 1 0 1 0 2 3 1 0 2 0 1/1 9:31 0:00 0:00
Max Domi 0 0 0 0 0 1 0 0 0 0 0/0 11:37 0:07 0:47
Nazem Kadri 0 1 1 0 0 3 1 0 1 0 4/6 9:11 0:00 0:09
Teuvo Teravainen 0 0 0 -1 0 0 1 0 1 0 0/0 10:41 0:00 3:34
William Nylander 2 2 4 4 0 6 2 1 2 0 1/1 19:07 4:16 0:00
3 Stars
1 - William Nylander (ANA)
2 - John Tavares (ANA)
3 - Mark Scheifele (ANA)
Power Play
Tampa Bay Lightning - 0 on 5 Attempt(s) - 0.00%
Anaheim Ducks - 0 on 4 Attempt(s) - 0.00%
Penalty Kill
Tampa Bay Lightning - 4 on 4 Attempt(s) - 100.00%
- Score 0 goal in Penalty Kill
Anaheim Ducks - 5 on 5 Attempt(s) - 100.00%
- Score 0 goal in Penalty Kill
Team Stat
Tampa Bay Lightning - Hits : 29 - Faceoff Wins : 28 - Blocked Shots : 4 - Penalty Minutes : 18
Anaheim Ducks - Hits : 19 - Faceoff Wins : 33 - Blocked Shots : 9 - Penalty Minutes : 20
Official
Referees : Graham Skiliter and Tom Kowal
Linesman : Brian Mach and Bryan Pancich
Game Notes
Joshua Morrissey beats up Dylan Cozens at 10:01 of 2nd period
Mark Scheifele and Moritz Seider fight to a draw at 15:56 of 2nd period
Finance
Level 1 -- Attendance: 4344 (72.40%) -- Ticket Income $434,400
Level 2 -- Attendance: 3923 (78.46%) -- Ticket Income $235,380
Level 3 -- Attendance: 1890 (63.00%) -- Ticket Income $86,940
Level 4 -- Attendance: 3585 (71.70%) -- Ticket Income $89,625
Luxury Box -- Attendance: 799 (79.90%) -- Ticket Income $159,800
Game was played at the Honda Center.
Total Attendance: 14541 (72.71%)
Total Ticket Income: $1,006,145
Other Income: $352,151
Total Income: $1,358,296
Tampa Bay Lightning
5 vs 5 Forward
Center Left Wing Right Wing Time % Phy DF OF
1 Tomas Hertl Kirill Kaprizov Travis Konecny 30 1 2 2
2 Dylan Cozens Roope Hintz Ivan Barbashev 30 1 2 2
3 Anze Kopitar Johnny Gaudreau Tyler Toffoli 30 1 2 2
4 Christian Dvorak Alexander Kerfoot Gustav Nyquist 10 1 2 2
5 vs 5 Defense
Defense Defense Time % Phy DF OF
1 Darnell Nurse Hampus Lindholm 40 1 2 2
2 Moritz Seider Vladislav Gavrikov 35 1 2 2
3 Michael Matheson Ryan Graves 25 0 3 2
4 Darnell Nurse Moritz Seider 0 1 2 2
PowerPlay Forward
Center Left Wing Right Wing Time % Phy DF OF
1 Roope Hintz Kirill Kaprizov Travis Konecny 50 1 2 2
2 Dylan Cozens Johnny Gaudreau Tyler Toffoli 50 1 2 2
PowerPlay Defense
Defense Defense Time % Phy DF OF
1 Michael Matheson Moritz Seider 50 1 2 2
2 Hampus Lindholm Darnell Nurse 50 1 2 2
Penalty Kill 4 Players Forward
Center Wing Time % Phy DF OF
1 Anze Kopitar Alexander Kerfoot 50 1 2 2
2 Christian Dvorak Gustav Nyquist 50 1 2 2
Penalty Kill 4 Players Defense
Defense Defense Time % Phy DF OF
1 Darnell Nurse Vladislav Gavrikov 50 1 2 2
2 Moritz Seider Ryan Graves 50 1 2 2
Penalty Kill - 3 Players Forward
Forward Time % Phy DF OF
1 Anze Kopitar 50 1 2 2
2 Christian Dvorak 50 1 2 2
Penalty Kill - 3 Players Defense
Defense Defense Time % Phy DF OF
1 Darnell Nurse Vladislav Gavrikov 50 1 2 2
2 Moritz Seider Ryan Graves 50 1 2 2
4 vs 4 Forward
Center Wing Time % Phy DF OF
1 Tomas Hertl Kirill Kaprizov 50 1 2 2
2 Anze Kopitar Travis Konecny 50 1 2 2
4 vs 4 Defense
Defense Defense Time % Phy DF OF
1 Michael Matheson Vladislav Gavrikov 50 1 2 2
2 Hampus Lindholm Ryan Graves 50 1 2 2
Last Minutes Offensive
Center Left Wing Right Wing Defense Defense
Anze Kopitar Kirill Kaprizov Travis Konecny Darnell Nurse Moritz Seider
Last Minutes Defensive
Center Left Wing Right Wing Defense Defense
Anze Kopitar Christian Dvorak Alexander Kerfoot Darnell Nurse Moritz Seider
Goaltenders
Starting : Darcy Kuemper
Backup : Filip Gustavsson
Extra Forwards
Normal : Tomas Hertl, Anze Kopitar, Dylan Cozens - PP : Tomas Hertl, Anze Kopitar - PK : Travis Konecny
Extra Defensemen
Normal : Vladislav Gavrikov, Ryan Graves, Hampus Lindholm - PP : Vladislav Gavrikov - PK : Ryan Graves, Hampus Lindholm
Penalty Shots
Gustav Nyquist, Kirill Kaprizov, Alexander Kerfoot, Anze Kopitar, Roope Hintz
Anaheim Ducks
5 vs 5 Forward
Center Left Wing Right Wing Time % Phy DF OF
1 John Tavares William Nylander Mark Scheifele 40 1 2 2
2 Chandler Stephenson Alex Killorn Max Domi 30 1 2 2
3 J.T. Compher Teuvo Teravainen Brayden Schenn 20 1 2 2
4 Nazem Kadri Mason Marchment Calle Jarnkrok 10 1 2 2
5 vs 5 Defense
Defense Defense Time % Phy DF OF
1 Esa Lindell Joshua Morrissey 40 1 2 2
2 Brenden Dillon Jakob Chychrun 35 1 2 2
3 Ivan Provorov Josh Manson 25 1 2 2
4 Esa Lindell Ivan Provorov 0 1 2 2
PowerPlay Forward
Center Left Wing Right Wing Time % Phy DF OF
1 John Tavares Mark Scheifele William Nylander 60 1 1 3
2 Chandler Stephenson Alex Killorn Brayden Schenn 40 1 1 3
PowerPlay Defense
Defense Defense Time % Phy DF OF
1 Joshua Morrissey Jakob Chychrun 55 1 2 2
2 Esa Lindell Brenden Dillon 45 1 2 2
Penalty Kill 4 Players Forward
Center Wing Time % Phy DF OF
1 Chandler Stephenson Alex Killorn 55 1 3 1
2 J.T. Compher Teuvo Teravainen 45 1 3 1
Penalty Kill 4 Players Defense
Defense Defense Time % Phy DF OF
1 Esa Lindell Brenden Dillon 50 1 3 1
2 Ivan Provorov Josh Manson 50 1 3 1
Penalty Kill - 3 Players Forward
Forward Time % Phy DF OF
1 Alex Killorn 50 1 3 1
2 J.T. Compher 50 1 3 1
Penalty Kill - 3 Players Defense
Defense Defense Time % Phy DF OF
1 Esa Lindell Brenden Dillon 50 1 3 1
2 Ivan Provorov Josh Manson 50 1 3 1
4 vs 4 Forward
Center Wing Time % Phy DF OF
1 John Tavares William Nylander 50 1 2 2
2 Max Domi Mark Scheifele 50 1 2 2
4 vs 4 Defense
Defense Defense Time % Phy DF OF
1 Esa Lindell Josh Manson 50 1 2 2
2 Brenden Dillon Joshua Morrissey 50 1 2 2
Last Minutes Offensive
Center Left Wing Right Wing Defense Defense
John Tavares William Nylander Mark Scheifele Joshua Morrissey Jakob Chychrun
Last Minutes Defensive
Center Left Wing Right Wing Defense Defense
Chandler Stephenson Alex Killorn Teuvo Teravainen Brenden Dillon Esa Lindell
Goaltenders
Starting : Linus Ullmark
Backup : Jack Campbell
Extra Forwards
Normal : Mark Scheifele, William Nylander, John Tavares - PP : William Nylander, Mark Scheifele - PK : Alex Killorn
Extra Defensemen
Normal : Josh Manson, Esa Lindell, Brenden Dillon - PP : Joshua Morrissey - PK : Esa Lindell, Josh Manson
Penalty Shots
William Nylander, Teuvo Teravainen, Mark Scheifele, Calle Jarnkrok, Alex Killorn
% Time on Ice - Tampa Bay Lightning
Lines # - Real PCT - Wanted PCT - Time Play
Normal Forward
1 - 28% - 30% - 11:44
2 - 26% - 30% - 10:59
3 - 25% - 30% - 10:29
4 - 21% - 10% - 8:57
Normal Defense
1 - 39% - 40% - 16:26
2 - 36% - 35% - 15:13
3 - 24% - 25% - 9:59
4 - 1% - 0% - 0:31
PP Forward
1 - 52% - 50% - 5:10
2 - 48% - 50% - 4:45
PP Defense
1 - 54% - 50% - 5:19
2 - 46% - 50% - 4:36
PK Forward
1 - 54% - 50% - 4:17
2 - 46% - 50% - 3:39
PK Defense
1 - 47% - 50% - 3:46
2 - 53% - 50% - 4:10
PK3 Forward
1 - 0% - 50%
2 - 0% - 50%
PK3 Defense
1 - 0% - 50%
2 - 0% - 50%
44 Forward
1 - 0% - 50%
2 - 0% - 50%
44 Defense
1 - 0% - 50%
2 - 0% - 50%
Last Minute Offensive - 0:00
Last Minute Defensive - 0:00
Total
Forward - 60:00
Defense - 60:00
|
% Time on Ice - Anaheim Ducks
Lines # - Real PCT - Wanted PCT - Time Play
Normal Forward
1 - 39% - 40% - 16:15
2 - 24% - 30% - 10:15
3 - 16% - 20% - 6:37
4 - 21% - 10% - 9:02
Normal Defense
1 - 41% - 40% - 17:07
2 - 37% - 35% - 15:47
3 - 22% - 25% - 9:15
4 - 0% - 0% - 0:00
PP Forward
1 - 54% - 60% - 4:19
2 - 46% - 40% - 3:37
PP Defense
1 - 61% - 55% - 4:49
2 - 39% - 45% - 3:07
PK Forward
1 - 64% - 55% - 6:21
2 - 36% - 45% - 3:34
PK Defense
1 - 49% - 50% - 4:51
2 - 51% - 50% - 5:04
PK3 Forward
1 - 0% - 50%
2 - 0% - 50%
PK3 Defense
1 - 0% - 50%
2 - 0% - 50%
44 Forward
1 - 0% - 50%
2 - 0% - 50%
44 Defense
1 - 0% - 50%
2 - 0% - 50%
Last Minute Offensive - 0:00
Last Minute Defensive - 0:00
Total
Forward - 60:00
Defense - 60:00
|
Play-by-Play
1st period
0:01 of 1st period - Tomas Hertl wins face-off versus John Tavares in neutral zone.
0:06 of 1st period - Wrist shot by Kirill Kaprizov.
0:06 of 1st period - Shot Misses the Net.
0:12 of 1st period - Wrist shot by Travis Konecny.
0:12 of 1st period - Shot Blocked by Esa Lindell.
1:03 of 1st period - Minor Penalty to Moritz Seider for Interference.
1:04 of 1st period - Anze Kopitar wins face-off versus John Tavares in Tampa Bay Lightning zone.
1:04 of 1st period - Anze Kopitar is hit by Joshua Morrissey.
1:16 of 1st period - Anze Kopitar is hit by Jakob Chychrun and loses puck.
1:31 of 1st period - Darnell Nurse is hit by Alex Killorn and loses puck.
1:58 of 1st period - Alex Killorn is hit by Gustav Nyquist and loses puck.
2:19 of 1st period - Anze Kopitar is hit by William Nylander and loses puck.
2:59 of 1st period - Icing by Esa Lindell.
3:00 of 1st period - John Tavares wins face-off versus Travis Konecny in Anaheim Ducks zone.
3:00 of 1st period - John Tavares is hit by Travis Konecny.
3:03 of 1st period - Penalty to Moritz Seider is over, Moritz Seider is back on ice.
3:37 of 1st period - Jakob Chychrun is hit by Ryan Graves and loses puck.
4:19 of 1st period - Brenden Dillon is hit by Alexander Kerfoot.
5:19 of 1st period - Wrist shot by Johnny Gaudreau.
5:19 of 1st period - Stopped by Linus Ullmark without a rebound.
5:20 of 1st period - Dylan Cozens wins face-off versus Nazem Kadri in Anaheim Ducks zone.
5:21 of 1st period - Snap shot by Roope Hintz.
5:21 of 1st period - Deflect By Dylan Cozens.
5:21 of 1st period - Stopped by Linus Ullmark without a rebound.
5:22 of 1st period - Nazem Kadri wins face-off versus Dylan Cozens in Anaheim Ducks zone.
5:43 of 1st period - Minor Penalty to Mason Marchment for Hooking.
5:44 of 1st period - Chandler Stephenson wins face-off versus Kirill Kaprizov in Anaheim Ducks zone.
6:44 of 1st period - Slapshot by Roope Hintz.
6:44 of 1st period - Stopped by Linus Ullmark with a rebound.
6:46 of 1st period - Slapshot by Michael Matheson.
6:46 of 1st period - Stopped by Linus Ullmark with a rebound.
6:48 of 1st period - Snap shot by Roope Hintz.
6:48 of 1st period - Stopped by Linus Ullmark with a rebound.
6:50 of 1st period - Slapshot by Michael Matheson.
6:50 of 1st period - Stopped by Linus Ullmark without a rebound.
6:51 of 1st period - Dylan Cozens wins face-off versus J.T. Compher in Anaheim Ducks zone.
7:36 of 1st period - Chandler Stephenson is hit by Johnny Gaudreau and loses puck.
7:43 of 1st period - Penalty to Mason Marchment is over, Mason Marchment is back on ice.
8:22 of 1st period - Snap shot by John Tavares.
8:22 of 1st period - Stopped by Darcy Kuemper with a rebound.
8:30 of 1st period - Snap shot by Mark Scheifele.
8:30 of 1st period - Stopped by Darcy Kuemper with a rebound.
8:52 of 1st period - Mason Marchment is hit by Vladislav Gavrikov and loses puck.
9:15 of 1st period - Slapshot by Mark Scheifele.
9:15 of 1st period - Stopped by Darcy Kuemper with a rebound.
10:55 of 1st period - Wrist shot by Mason Marchment.
10:55 of 1st period - Goal by Mason Marchment - Tampa Bay Lightning : 0 - Anaheim Ducks : 1.
10:56 of 1st period - John Tavares wins face-off versus Tomas Hertl in neutral zone.
11:03 of 1st period - Wrist shot by John Tavares.
11:03 of 1st period - Goal by John Tavares - Tampa Bay Lightning : 0 - Anaheim Ducks : 2.
11:04 of 1st period - Tomas Hertl wins face-off versus John Tavares in neutral zone.
11:17 of 1st period - Snap shot by Travis Konecny.
11:17 of 1st period - Shot Misses the Net.
11:19 of 1st period - Wrist shot by Travis Konecny.
11:19 of 1st period - Stopped by Linus Ullmark with a rebound.
11:39 of 1st period - Wrist shot by Johnny Gaudreau.
11:39 of 1st period - Stopped by Linus Ullmark with a rebound.
13:47 of 1st period - Snap shot by William Nylander.
13:47 of 1st period - Deflect By John Tavares.
13:47 of 1st period - Stopped by Darcy Kuemper with a rebound.
13:53 of 1st period - Slapshot by Dylan Cozens.
13:53 of 1st period - Stopped by Linus Ullmark with a rebound.
14:13 of 1st period - Wrist shot by Anze Kopitar.
14:13 of 1st period - Stopped by Linus Ullmark with a rebound.
14:25 of 1st period - Icing by Nazem Kadri.
14:26 of 1st period - Nazem Kadri wins face-off versus Tomas Hertl in Anaheim Ducks zone.
14:35 of 1st period - Wrist shot by Travis Konecny.
14:35 of 1st period - Shot Misses the Net.
14:37 of 1st period - Slapshot by Darnell Nurse.
14:37 of 1st period - Shot Misses the Net.
14:39 of 1st period - Slapshot by Hampus Lindholm.
14:39 of 1st period - Deflect By Kirill Kaprizov.
14:39 of 1st period - Shot Misses the Net.
14:39 of 1st period - Puck is out of play.
14:40 of 1st period - Anze Kopitar wins face-off versus John Tavares in Anaheim Ducks zone.
14:55 of 1st period - William Nylander is hit by Tyler Toffoli and loses puck.
14:59 of 1st period - Icing by Ivan Provorov.
15:00 of 1st period - John Tavares wins face-off versus Tomas Hertl in Anaheim Ducks zone.
15:13 of 1st period - Wrist shot by John Tavares.
15:13 of 1st period - Stopped by Darcy Kuemper with a rebound.
15:15 of 1st period - Wrist shot by Mark Scheifele.
15:15 of 1st period - Goal by Mark Scheifele - Tampa Bay Lightning : 0 - Anaheim Ducks : 3.
15:16 of 1st period - John Tavares wins face-off versus Dylan Cozens in neutral zone.
15:21 of 1st period - Snap shot by William Nylander.
15:21 of 1st period - Shot Misses the Net.
15:39 of 1st period - Minor Penalty to Darnell Nurse for Roughing.
15:40 of 1st period - Anze Kopitar wins face-off versus John Tavares in Tampa Bay Lightning zone.
16:07 of 1st period - Wrist shot by Chandler Stephenson.
16:07 of 1st period - Stopped by Darcy Kuemper without a rebound.
16:08 of 1st period - Anze Kopitar wins face-off versus Chandler Stephenson in Tampa Bay Lightning zone.
16:18 of 1st period - Off-side.
16:19 of 1st period - Anze Kopitar wins face-off versus John Tavares in neutral zone.
16:45 of 1st period - Joshua Morrissey is hit by Vladislav Gavrikov and loses puck.
17:39 of 1st period - Penalty to Darnell Nurse is over, Darnell Nurse is back on ice.
18:12 of 1st period - Snap shot by Tomas Hertl.
18:12 of 1st period - Shot Misses the Net.
18:33 of 1st period - Tomas Hertl is hit by Chandler Stephenson and loses puck.
18:44 of 1st period - Esa Lindell is hit by Ivan Barbashev and loses puck.
18:51 of 1st period - Jakob Chychrun is hit by Roope Hintz and loses puck.
19:10 of 1st period - Snap shot by Anze Kopitar.
19:10 of 1st period - Shot Misses the Net.
19:16 of 1st period - Johnny Gaudreau is hit by Nazem Kadri and loses puck.
19:37 of 1st period - Michael Matheson is hit by Alex Killorn and loses puck.
19:56 of 1st period - Johnny Gaudreau is hit by Calle Jarnkrok and loses puck.
Goals for this period are 0 for Tampa Bay Lightning vs 3 for Anaheim Ducks.
Shots for this period are 10 for Tampa Bay Lightning vs 9 for Anaheim Ducks.
2nd period
0:01 of 2nd period - Anze Kopitar wins face-off versus John Tavares in neutral zone.
0:35 of 2nd period - Wrist shot by Chandler Stephenson.
0:35 of 2nd period - Stopped by Darcy Kuemper without a rebound.
0:36 of 2nd period - John Tavares wins face-off versus Kirill Kaprizov in Tampa Bay Lightning zone.
0:43 of 2nd period - Wrist shot by John Tavares.
0:43 of 2nd period - Stopped by Darcy Kuemper without a rebound.
0:44 of 2nd period - Tomas Hertl wins face-off versus John Tavares in Tampa Bay Lightning zone.
0:49 of 2nd period - Wrist shot by Travis Konecny.
0:49 of 2nd period - Shot Blocked by William Nylander.
0:52 of 2nd period - Icing by Joshua Morrissey.
0:53 of 2nd period - John Tavares wins face-off versus Anze Kopitar in Anaheim Ducks zone.
1:09 of 2nd period - Slapshot by John Tavares.
1:09 of 2nd period - Stopped by Darcy Kuemper with a rebound.
1:11 of 2nd period - Wrist shot by William Nylander.
1:11 of 2nd period - Shot Misses the Net.
1:13 of 2nd period - Snap shot by William Nylander.
1:13 of 2nd period - Goal by William Nylander - Tampa Bay Lightning : 0 - Anaheim Ducks : 4.
1:14 of 2nd period - Anze Kopitar wins face-off versus John Tavares in neutral zone.
1:16 of 2nd period - Off-side.
1:17 of 2nd period - Anze Kopitar wins face-off versus Mark Scheifele in neutral zone.
1:24 of 2nd period - Snap shot by William Nylander.
1:24 of 2nd period - Shot Misses the Net.
1:26 of 2nd period - Slapshot by Esa Lindell.
1:26 of 2nd period - Deflect By Johnny Gaudreau.
1:26 of 2nd period - Goal by Esa Lindell - Tampa Bay Lightning : 0 - Anaheim Ducks : 5.
1:27 of 2nd period - John Tavares wins face-off versus Dylan Cozens in neutral zone.
1:54 of 2nd period - Max Domi is hit by Moritz Seider and loses puck.
2:23 of 2nd period - Snap shot by Brayden Schenn.
2:23 of 2nd period - Shot Misses the Net.
2:25 of 2nd period - Slapshot by Esa Lindell.
2:25 of 2nd period - Stopped by Darcy Kuemper with a rebound.
2:39 of 2nd period - Snap shot by Gustav Nyquist.
2:39 of 2nd period - Deflect By Christian Dvorak.
2:39 of 2nd period - Shot Misses the Net.
2:39 of 2nd period - Puck is out of play.
2:40 of 2nd period - John Tavares wins face-off versus Christian Dvorak in Anaheim Ducks zone.
2:40 of 2nd period - John Tavares is hit by Michael Matheson.
2:43 of 2nd period - Minor Penalty to Alexander Kerfoot for Tripping.
2:44 of 2nd period - William Nylander wins face-off versus Travis Konecny in Tampa Bay Lightning zone.
2:59 of 2nd period - Wrist shot by Mark Scheifele.
2:59 of 2nd period - Stopped by Darcy Kuemper with a rebound.
3:01 of 2nd period - Wrist shot by Mark Scheifele.
3:01 of 2nd period - Deflect By William Nylander.
3:01 of 2nd period - Shot Blocked by Travis Konecny.
3:01 of 2nd period - Puck is out of play.
3:02 of 2nd period - Christian Dvorak wins face-off versus Chandler Stephenson in Tampa Bay Lightning zone.
3:02 of 2nd period - Christian Dvorak is hit by Brayden Schenn.
3:16 of 2nd period - Backhand shot by Brayden Schenn.
3:16 of 2nd period - Shot Blocked by Anze Kopitar.
3:18 of 2nd period - Slapshot by Brenden Dillon.
3:18 of 2nd period - Shot Misses the Net.
3:34 of 2nd period - Snap shot by John Tavares.
3:34 of 2nd period - Stopped by Darcy Kuemper with a rebound.
3:36 of 2nd period - Slapshot by Brenden Dillon.
3:36 of 2nd period - Stopped by Darcy Kuemper with a rebound.
3:38 of 2nd period - Wrist shot by John Tavares.
3:38 of 2nd period - Shot Misses the Net.
4:43 of 2nd period - Penalty to Alexander Kerfoot is over, Alexander Kerfoot is back on ice.
4:50 of 2nd period - Slapshot by Calle Jarnkrok.
4:50 of 2nd period - Deflect By Nazem Kadri.
4:50 of 2nd period - Shot Misses the Net.
4:50 of 2nd period - Puck is out of play.
4:51 of 2nd period - Mason Marchment wins face-off versus Dylan Cozens in Tampa Bay Lightning zone.
6:49 of 2nd period - Slapshot by Kirill Kaprizov.
6:49 of 2nd period - Shot Misses the Net.
7:23 of 2nd period - Wrist shot by Alexander Kerfoot.
7:23 of 2nd period - Stopped by Linus Ullmark without a rebound.
7:24 of 2nd period - Anze Kopitar wins face-off versus Chandler Stephenson in Anaheim Ducks zone.
8:20 of 2nd period - Snap shot by Tyler Toffoli.
8:20 of 2nd period - Stopped by Linus Ullmark without a rebound.
8:21 of 2nd period - John Tavares wins face-off versus Dylan Cozens in Anaheim Ducks zone.
8:53 of 2nd period - Backhand shot by Teuvo Teravainen.
8:53 of 2nd period - Deflect By J.T. Compher.
8:53 of 2nd period - Stopped by Darcy Kuemper without a rebound.
8:54 of 2nd period - Tomas Hertl wins face-off versus J.T. Compher in Tampa Bay Lightning zone.
9:01 of 2nd period - Wrist shot by Tomas Hertl.
9:01 of 2nd period - Deflect By Kirill Kaprizov.
9:01 of 2nd period - Goal by Kirill Kaprizov - Tampa Bay Lightning : 1 - Anaheim Ducks : 5.
9:02 of 2nd period - John Tavares wins face-off versus Dylan Cozens in neutral zone.
9:12 of 2nd period - Wrist shot by Dylan Cozens.
9:12 of 2nd period - Shot Misses the Net.
9:14 of 2nd period - Snap shot by Ivan Barbashev.
9:14 of 2nd period - Shot Blocked by John Tavares.
9:16 of 2nd period - Snap shot by Dylan Cozens.
9:16 of 2nd period - Stopped by Linus Ullmark with a rebound.
9:28 of 2nd period - John Tavares is hit by Johnny Gaudreau and loses puck.
9:39 of 2nd period - Slapshot by Tyler Toffoli.
9:39 of 2nd period - Stopped by Linus Ullmark without a rebound.
9:40 of 2nd period - Dylan Cozens wins face-off versus Chandler Stephenson in Anaheim Ducks zone.
9:45 of 2nd period - Wrist shot by Ivan Barbashev.
9:45 of 2nd period - Stopped by Linus Ullmark without a rebound.
9:46 of 2nd period - Ivan Barbashev wins face-off versus Chandler Stephenson in Anaheim Ducks zone.
9:47 of 2nd period - Snap shot by Dylan Cozens.
9:47 of 2nd period - Shot Blocked by Joshua Morrissey.
9:49 of 2nd period - Slapshot by Ryan Graves.
9:49 of 2nd period - Stopped by Linus Ullmark without a rebound.
9:50 of 2nd period - Chandler Stephenson wins face-off versus Dylan Cozens in Anaheim Ducks zone.
9:50 of 2nd period - Chandler Stephenson is hit by Michael Matheson.
10:01 of 2nd period - Joshua Morrissey beats up Dylan Cozens.
10:01 of 2nd period - Penalty to Joshua Morrissey for Fighting.
10:01 of 2nd period - Penalty to Dylan Cozens for Fighting.
10:02 of 2nd period - John Tavares wins face-off versus Tomas Hertl in neutral zone.
10:28 of 2nd period - Josh Manson is hit by Darnell Nurse and loses puck.
10:38 of 2nd period - Snap shot by Roope Hintz.
10:38 of 2nd period - Shot Misses the Net.
10:40 of 2nd period - Slapshot by Moritz Seider.
10:40 of 2nd period - Shot Blocked by Alex Killorn.
10:51 of 2nd period - Off-side.
10:52 of 2nd period - John Tavares wins face-off versus Alexander Kerfoot in neutral zone.
11:02 of 2nd period - Icing by Michael Matheson.
11:03 of 2nd period - John Tavares wins face-off versus Christian Dvorak in Tampa Bay Lightning zone.
11:30 of 2nd period - Wrist shot by Christian Dvorak.
11:30 of 2nd period - Stopped by Linus Ullmark with a rebound.
11:32 of 2nd period - Snap shot by Alexander Kerfoot.
11:32 of 2nd period - Shot Blocked by Jakob Chychrun.
11:34 of 2nd period - Snap shot by Michael Matheson.
11:34 of 2nd period - Deflect By Christian Dvorak.
11:34 of 2nd period - Stopped by Linus Ullmark with a rebound.
11:36 of 2nd period - Wrist shot by Michael Matheson.
11:36 of 2nd period - Stopped by Linus Ullmark with a rebound.
11:38 of 2nd period - Wrist shot by Christian Dvorak.
11:38 of 2nd period - Shot Misses the Net.
11:40 of 2nd period - Snap shot by Gustav Nyquist.
11:40 of 2nd period - Deflect By Christian Dvorak.
11:40 of 2nd period - Deflect By William Nylander.
11:40 of 2nd period - Shot Misses the Net.
11:40 of 2nd period - Puck is out of play.
11:41 of 2nd period - Chandler Stephenson wins face-off versus Anze Kopitar in Anaheim Ducks zone.
11:41 of 2nd period - Chandler Stephenson is hit by Tyler Toffoli.
11:53 of 2nd period - Hampus Lindholm is hit by Chandler Stephenson and loses puck.
12:10 of 2nd period - Wrist shot by Kirill Kaprizov.
12:10 of 2nd period - Deflect By J.T. Compher.
12:10 of 2nd period - Stopped by Linus Ullmark with a rebound.
12:34 of 2nd period - Icing by Mason Marchment.
12:35 of 2nd period - Nazem Kadri wins face-off versus Tomas Hertl in Anaheim Ducks zone.
12:35 of 2nd period - Nazem Kadri is hit by Moritz Seider.
12:47 of 2nd period - Snap shot by Nazem Kadri.
12:47 of 2nd period - Shot Blocked by Ivan Barbashev.
12:49 of 2nd period - Slapshot by Josh Manson.
12:49 of 2nd period - Stopped by Darcy Kuemper with a rebound.
12:51 of 2nd period - Snap shot by Nazem Kadri.
12:51 of 2nd period - Stopped by Darcy Kuemper without a rebound.
12:52 of 2nd period - John Tavares wins face-off versus Anze Kopitar in Tampa Bay Lightning zone.
12:53 of 2nd period - Snap shot by William Nylander.
12:53 of 2nd period - Stopped by Darcy Kuemper with a rebound.
13:07 of 2nd period - Snap shot by William Nylander.
13:07 of 2nd period - Stopped by Darcy Kuemper with a rebound.
13:28 of 2nd period - Snap shot by Kirill Kaprizov.
13:28 of 2nd period - Stopped by Linus Ullmark with a rebound.
14:00 of 2nd period - Slapshot by Moritz Seider.
14:00 of 2nd period - Stopped by Linus Ullmark without a rebound.
14:01 of 2nd period - Nazem Kadri wins face-off versus Tomas Hertl in Anaheim Ducks zone.
14:27 of 2nd period - Ivan Provorov is hit by Ivan Barbashev and loses puck.
14:37 of 2nd period - Icing by Josh Manson.
14:38 of 2nd period - Tomas Hertl wins face-off versus Calle Jarnkrok in Anaheim Ducks zone.
14:39 of 2nd period - Wrist shot by Kirill Kaprizov.
14:39 of 2nd period - Stopped by Linus Ullmark with a rebound.
15:01 of 2nd period - Wrist shot by Mason Marchment.
15:01 of 2nd period - Stopped by Darcy Kuemper with a rebound.
15:03 of 2nd period - Slapshot by Nazem Kadri.
15:03 of 2nd period - Stopped by Darcy Kuemper with a rebound.
15:05 of 2nd period - Wrist shot by Mason Marchment.
15:05 of 2nd period - Stopped by Darcy Kuemper with a rebound.
15:07 of 2nd period - Wrist shot by Mason Marchment.
15:07 of 2nd period - Shot Misses the Net.
15:09 of 2nd period - Slapshot by Ivan Provorov.
15:09 of 2nd period - Stopped by Darcy Kuemper without a rebound.
15:10 of 2nd period - John Tavares wins face-off versus Anze Kopitar in Tampa Bay Lightning zone.
15:15 of 2nd period - Snap shot by William Nylander.
15:15 of 2nd period - Goal by William Nylander - Tampa Bay Lightning : 1 - Anaheim Ducks : 6.
15:16 of 2nd period - John Tavares wins face-off versus Johnny Gaudreau in neutral zone.
15:21 of 2nd period - Wrist shot by William Nylander.
15:21 of 2nd period - Stopped by Darcy Kuemper with a rebound.
15:23 of 2nd period - Snap shot by William Nylander.
15:23 of 2nd period - Shot Misses the Net.
15:25 of 2nd period - Snap shot by John Tavares.
15:25 of 2nd period - Shot Misses the Net.
15:27 of 2nd period - Wrist shot by John Tavares.
15:27 of 2nd period - Shot Misses the Net.
15:54 of 2nd period - Snap shot by Chandler Stephenson.
15:54 of 2nd period - Deflect By Roope Hintz.
15:54 of 2nd period - Shot Misses the Net.
15:54 of 2nd period - Puck is out of play.
15:55 of 2nd period - Tomas Hertl wins face-off versus John Tavares in Tampa Bay Lightning zone.
15:55 of 2nd period - Tomas Hertl is hit by William Nylander.
15:56 of 2nd period - Mark Scheifele and Moritz Seider fight to a draw.
15:56 of 2nd period - Penalty to Mark Scheifele for Fighting.
15:56 of 2nd period - Penalty to Moritz Seider for Fighting.
15:57 of 2nd period - John Tavares wins face-off versus Anze Kopitar in Tampa Bay Lightning zone.
16:29 of 2nd period - Snap shot by Chandler Stephenson.
16:29 of 2nd period - Shot Misses the Net.
16:48 of 2nd period - Hampus Lindholm is hit by Calle Jarnkrok and loses puck.
17:10 of 2nd period - Minor Penalty to Brayden Schenn for Cross-checking.
17:11 of 2nd period - Chandler Stephenson wins face-off versus Dylan Cozens in Anaheim Ducks zone.
17:16 of 2nd period - Johnny Gaudreau is hit by Chandler Stephenson and loses puck.
19:10 of 2nd period - Penalty to Brayden Schenn is over, Brayden Schenn is back on ice.
19:29 of 2nd period - Alexander Kerfoot is hit by Brayden Schenn and loses puck.
19:40 of 2nd period - Snap shot by Max Domi.
19:40 of 2nd period - Stopped by Darcy Kuemper with a rebound.
19:42 of 2nd period - Slapshot by Brenden Dillon.
19:42 of 2nd period - Shot Misses the Net.
Goals for this period are 1 for Tampa Bay Lightning vs 3 for Anaheim Ducks.
Shots for this period are 14 for Tampa Bay Lightning vs 21 for Anaheim Ducks.
3rd period
0:01 of 3rd period - Anze Kopitar wins face-off versus John Tavares in neutral zone.
0:10 of 3rd period - Slapshot by Johnny Gaudreau.
0:10 of 3rd period - Goal by Johnny Gaudreau - Tampa Bay Lightning : 2 - Anaheim Ducks : 6.
0:11 of 3rd period - Anze Kopitar wins face-off versus John Tavares in neutral zone.
0:24 of 3rd period - Snap shot by Anze Kopitar.
0:24 of 3rd period - Deflect By Tyler Toffoli.
0:24 of 3rd period - Stopped by Linus Ullmark with a rebound.
0:26 of 3rd period - Slapshot by Darnell Nurse.
0:26 of 3rd period - Shot Blocked by Joshua Morrissey.
1:10 of 3rd period - Wrist shot by Nazem Kadri.
1:10 of 3rd period - Stopped by Darcy Kuemper without a rebound.
1:11 of 3rd period - Tomas Hertl wins face-off versus Nazem Kadri in Tampa Bay Lightning zone.
1:20 of 3rd period - Slapshot by Hampus Lindholm.
1:20 of 3rd period - Stopped by Linus Ullmark with a rebound.
1:22 of 3rd period - Wrist shot by Kirill Kaprizov.
1:22 of 3rd period - Goal by Kirill Kaprizov - Tampa Bay Lightning : 3 - Anaheim Ducks : 6.
1:23 of 3rd period - John Tavares wins face-off versus Anze Kopitar in neutral zone.
1:49 of 3rd period - Max Domi is hit by Hampus Lindholm and loses puck.
2:16 of 3rd period - J.T. Compher is hit by Tomas Hertl and loses puck.
2:40 of 3rd period - Minor Penalty to Jakob Chychrun for Tripping.
2:41 of 3rd period - Dylan Cozens wins face-off versus Chandler Stephenson in Anaheim Ducks zone.
2:53 of 3rd period - Wrist shot by Johnny Gaudreau.
2:53 of 3rd period - Stopped by Linus Ullmark with a rebound.
2:55 of 3rd period - Wrist shot by Darnell Nurse.
2:55 of 3rd period - Shot Blocked by Josh Manson.
4:40 of 3rd period - Penalty to Jakob Chychrun is over, Jakob Chychrun is back on ice.
4:40 of 3rd period - Ivan Provorov is hit by Johnny Gaudreau and loses puck.
4:55 of 3rd period - Wrist shot by William Nylander.
4:55 of 3rd period - Stopped by Darcy Kuemper without a rebound.
4:56 of 3rd period - Christian Dvorak wins face-off versus John Tavares in Tampa Bay Lightning zone.
5:03 of 3rd period - Esa Lindell is hit by Gustav Nyquist and loses puck.
5:50 of 3rd period - Snap shot by Mark Scheifele.
5:50 of 3rd period - Stopped by Darcy Kuemper with a rebound.
6:26 of 3rd period - Backhand shot by J.T. Compher.
6:26 of 3rd period - Shot Blocked by Alexander Kerfoot.
6:28 of 3rd period - Slapshot by Brayden Schenn.
6:28 of 3rd period - Stopped by Darcy Kuemper without a rebound.
6:29 of 3rd period - Tomas Hertl wins face-off versus J.T. Compher in Tampa Bay Lightning zone.
6:29 of 3rd period - Tomas Hertl is hit by Jakob Chychrun.
6:32 of 3rd period - Minor Penalty to Hampus Lindholm for Tripping.
6:33 of 3rd period - Christian Dvorak wins face-off versus Chandler Stephenson in Tampa Bay Lightning zone.
8:08 of 3rd period - Ryan Graves is hit by Mark Scheifele and loses puck.
8:32 of 3rd period - Penalty to Hampus Lindholm is over, Hampus Lindholm is back on ice.
8:37 of 3rd period - Alexander Kerfoot is hit by Mason Marchment and loses puck.
9:08 of 3rd period - Slapshot by Hampus Lindholm.
9:08 of 3rd period - Shot Misses the Net.
9:10 of 3rd period - Slapshot by Moritz Seider.
9:10 of 3rd period - Stopped by Linus Ullmark without a rebound.
9:11 of 3rd period - J.T. Compher wins face-off versus Dylan Cozens in Anaheim Ducks zone.
9:29 of 3rd period - Teuvo Teravainen is hit by Darnell Nurse.
9:43 of 3rd period - Alex Killorn is hit by Travis Konecny and loses puck.
10:14 of 3rd period - Minor Penalty to John Tavares for High sticking.
10:15 of 3rd period - Chandler Stephenson wins face-off versus Roope Hintz in Anaheim Ducks zone.
10:45 of 3rd period - Moritz Seider is hit by J.T. Compher and loses puck.
11:19 of 3rd period - Backhand shot by Travis Konecny.
11:19 of 3rd period - Shot Blocked by Chandler Stephenson.
11:21 of 3rd period - Slapshot by Moritz Seider.
11:21 of 3rd period - Deflect By Kirill Kaprizov.
11:21 of 3rd period - Shot Misses the Net.
11:21 of 3rd period - Puck is out of play.
11:22 of 3rd period - J.T. Compher wins face-off versus Dylan Cozens in Anaheim Ducks zone.
12:14 of 3rd period - Penalty to John Tavares is over, John Tavares is back on ice.
12:25 of 3rd period - Mark Scheifele is hit by Christian Dvorak and loses puck.
14:18 of 3rd period - Snap shot by Alex Killorn.
14:18 of 3rd period - Stopped by Darcy Kuemper without a rebound.
14:19 of 3rd period - Christian Dvorak wins face-off versus John Tavares in Tampa Bay Lightning zone.
14:28 of 3rd period - Wrist shot by Alexander Kerfoot.
14:28 of 3rd period - Stopped by Linus Ullmark without a rebound.
14:29 of 3rd period - John Tavares wins face-off versus Christian Dvorak in Anaheim Ducks zone.
14:41 of 3rd period - Minor Penalty to Joshua Morrissey for Hooking.
14:42 of 3rd period - Chandler Stephenson wins face-off versus Dylan Cozens in Anaheim Ducks zone.
14:56 of 3rd period - Chandler Stephenson is hit by Hampus Lindholm and loses puck.
16:41 of 3rd period - Penalty to Joshua Morrissey is over, Joshua Morrissey is back on ice.
16:51 of 3rd period - Ivan Provorov is hit by Gustav Nyquist and loses puck.
17:08 of 3rd period - Slapshot by Alex Killorn.
17:08 of 3rd period - Stopped by Darcy Kuemper with a rebound.
17:57 of 3rd period - Mark Scheifele is hit by Kirill Kaprizov.
19:12 of 3rd period - Dylan Cozens is hit by Teuvo Teravainen and loses puck.
19:39 of 3rd period - Joshua Morrissey is hit by Michael Matheson and loses puck.
Goals for this period are 2 for Tampa Bay Lightning vs 0 for Anaheim Ducks.
Shots for this period are 7 for Tampa Bay Lightning vs 6 for Anaheim Ducks.
Back to the Top